 Dungeon Crawl Stone Soup version 0.22-a0-433-gd2a9cce0b5 (webtiles) character file.

6960 D1HalberdGnoll the Quickloader (level 11, -1/69 HPs)
             Began as a Kobold Hunter on May 29, 2018.
             Was an Elder of Okawaru.
             Killed from afar by Erolcha (9 damage)
             ... with an orb of energy
             ... on level 9 of the Dungeon.
             The game lasted 00:18:01 (9350 turns).

D1HalberdGnoll the Quickloader (Kobold Hunter)      Turns: 9350, Time: 00:18:02

Health: -1/69      AC: 16    Str: 12    XL:     11   Next: 28%
Magic:  12/14      EV: 20    Int: 13    God:    Okawaru [****..]
Gold:   436        SH:  0    Dex: 16    Spells: 10/10 levels left

rFire    . . .     SeeInvis .   a - +1 hand crossbow
rCold    . . .     Gourm    .   (shield restricted)
rNeg     . . .     Faith    .   K - +0 scale mail
rPois    .         Spirit   .   t - +1 helmet
rElec    .         Reflect  .   E - +0 cloak
rCorr    .         Harm     .   (no gloves)
MR       .....                  G - +0 pair of boots
Stlth    ++........             H - amulet of regeneration
HPRegen  0.61/turn              (no ring)
MPRegen  0.14/turn              k - +3 ring of protection

@: heroism, hasted, very quick
A: small, carnivore
a: Heroism, Renounce Religion


You were on level 9 of the Dungeon.
You worshipped Okawaru.
Okawaru was greatly pleased with you.
You were very full.

You visited 2 branches of the dungeon, and saw 10 of its levels.

You collected 436 gold pieces.

Inventory:

Hand Weapons
 a - a +1 hand crossbow (weapon)
 b - a +2 whip of flaming
Missiles
 d - 47 bolts (quivered)
Armour
 t - a +1 helmet (worn)
 E - a +0 cloak (worn)
 G - a +0 pair of boots (worn)
 K - a +0 scale mail (worn)
Jewellery
 k - a +3 ring of protection (right hand)
 H - an amulet of regeneration (around neck)
Wands
 c - a wand of acid (2)
 e - a wand of paralysis (11)
 C - a wand of random effects (23)
 D - a wand of flame (27)
 F - a wand of polymorph (24)
Scrolls
 h - 2 scrolls of blinking {unknown}
 m - 4 scrolls of remove curse
 p - a scroll of fog {unknown}
 r - 2 scrolls of noise {unknown}
 s - 4 scrolls of identify
 v - 6 scrolls of teleportation {unknown}
 y - a scroll of magic mapping
 A - a scroll of amnesia {unknown}
 B - a scroll of acquirement {unknown}
 I - a scroll of immolation {unknown}
 J - a scroll of brand weapon {unknown}
Potions
 g - a potion of haste
 i - a potion of might {unknown}
 j - 2 potions of degeneration {unknown}
 l - a potion of magic {unknown}
 o - 4 potions of lignification
 q - 2 potions of flight
 u - a potion of berserk rage {unknown}
Comestibles
 f - 21 rations


   Skills:
 + Level 8.5(13.5) Fighting
 + Level 6.6(11.6) Maces & Flails
 - Level 12.0(17.0) Crossbows
 + Level 2.4(7.4) Armour
 - Level 8.4(13.4) Dodging
 - Level 1.3(6.3) Stealth
 * Level 4.9 Invocations


You had 10 spell levels left.
You didn't know any spells.
Your spell library contained the following spells:

 Spells                   Type           Power        Failure   Level  Hunger
 Conjure Flame            Conj/Fire      #.......     98%         3    ####...
 Throw Frost              Conj/Ice       #.....       89%         2    ###....
 Freezing Cloud           Conj/Ice/Air   #.........   100%        6    #######
 Mephitic Cloud           Conj/Pois/Air  #.......     98%         3    ####...
 Ring of Flames           Chrm/Fire      #.........   100%        7    #######
 Freeze                   Ice            #...         78%         1    ##.....
 Summon Ice Beast         Ice/Summ       #.......     100%        4    #####..
 Ozocubu's Armour         Chrm/Ice       #.......     98%         3    ####...
 Spider Form              Tmut/Pois      #.........   98%         3    ####...
 Blade Hands              Tmut           #.........   100%        5    ######.
 Ice Form                 Ice/Tmut       #.......     100%        4    #####..
 Throw Icicle             Conj/Ice       #.......     100%        4    #####..
 Sticks to Snakes         Tmut           #.......     89%         2    ###....
 Beastly Appendage        Tmut           #.....       78%         1    ##.....
 Poisonous Vapours        Pois/Air       #.....       89%         2    ###....


Dungeon Overview and Level Annotations

Branches:
Dungeon (9/15)             Temple (1/1) D:6             Orc (0/2) D:9
   Lair: D:8-11

Altars:
Ashenzari
Cheibriados
Dithmenos
Elyvilon
Fedhas
Gozag
Hepliaklqana
Kikubaaqudgha
Makhleb
Nemelex Xobeh
Okawaru
Qazlal
Ru
Sif Muna
Trog
Uskayaw
Vehumet
Wu Jian
Xom
Yredelemnul
Zin
The Shining One

Shops:
D:7 ?

Annotations:
D:9 Erolcha


Innate Abilities, Weirdness & Mutations

You are small and have problems with some larger weapons.
You are carnivorous and can eat meat at any time.


Message History

Press: ? - help, Shift-Dir - straight line, f/p - Erolcha
Aim: Erolcha, wielding a giant spiked club and wearing a robe (almost dead)
You shoot a bolt.
The bolt hits Erolcha but does no damage.
Erolcha is almost dead.
Firing (i - inventory)
d - 49 bolts (quivered)
Press: ? - help, Shift-Dir - straight line, f/p - Erolcha
Aim: Erolcha, wielding a giant spiked club and wearing a robe (almost dead)
You shoot a bolt. The bolt barely misses Erolcha.
Erolcha hits you with a giant spiked club!!
* * * LOW HITPOINT WARNING * * *
Firing (i - inventory)
d - 48 bolts (quivered)
Press: ? - help, Shift-Dir - straight line, f/p - Erolcha
Aim: Erolcha, wielding a giant spiked club and wearing a robe (almost dead)
You shoot a bolt.
The bolt hits Erolcha but does no damage.
Erolcha is almost dead.
Erolcha casts a spell at you. The orb of energy hits you!
You die...

###.....#.#########
#.#.##..#.##....((#
..#.##..#.##.####(#
........#.##.####(#
#.#............##.#
#.####..#.##.#.##.#
#....#..#..#.....O###
####.####..#.#.#.(..#
...........#.#.#@##.#
.....#####.#.#.#.# .#
##########.#.#.#.##.#
........#...........#
##................#...#
#+####.....#####.# #.#
###.........#(# (.
#.....#.....#.(.k....
#.....#.###.###.#.###


You could see Erolcha.

Vanquished Creatures
  3 two-headed ogres
  The ghost of htuhola the Basher, a novice GrFi of Makhleb (D:7)
  Maurice (D:8)
  A hippogriff (D:9)
  3 yaks (D:9)
  Grum (D:8)
  The ghost of htuhola the Skirmisher, an amateur GrMo (D:3)
  2 ice beasts
  A swamp drake (D:9)
  A sky beast (D:7)
  2 orc warriors (D:8)
  An eye of draining (D:9)
  2 ogres
  2 wolves (D:8)
  5 centaurs
  4 bullfrogs
  4 scorpions
  8 killer bees
  3 wights (D:8)
  A howler monkey (D:5)
  4 crimson imps
  2 hounds
  A bullfrog zombie (D:4)
  4 orc priests
  A jelly (D:7)
  Crazy Yiuf (D:6)
  2 worker ants
  3 iguanas
  6 orc wizards
  4 hound zombies
  Robin (D:3)
  4 worker ant zombies (D:4)
  A howler monkey skeleton (D:4)
  10 adders
  A shadow imp (D:9)
  An ooze (D:3)
  3 worms
  3 dart slugs
  7 leopard geckos
  21 orcs
  2 giant cockroaches (D:1)
  20 goblins
  8 hobgoblins
  20 jackals
  8 kobolds
  A quokka (D:5)
  2 ball pythons
  7 bats
  7 frilled lizards
  2 jackal zombies (D:4)
  2 leopard gecko skeletons (D:4)
  3 quokka zombies
  11 rats
220 creatures vanquished.

Notes
Turn   | Place    | Note
-------+----------+-------------------------------------------
     0 | D:1      | D1HalberdGnoll the Kobold Hunter began the quest for the Orb.
     0 | D:1      | Reached XP level 1. HP: 12/12 MP: 1/1
    21 | D:1      | Reached skill level 5 in Crossbows
    27 | D:1      | Reached XP level 2. HP: 18/18 MP: 2/2
   174 | D:1      | Reached XP level 3. HP: 21/22 MP: 3/3
   681 | D:2      | Reached XP level 4. HP: 27/27 MP: 4/4
   712 | D:2      | Found a glowing golden altar of the Shining One.
   926 | D:2      | Found a faded altar of an unknown god.
  1332 | D:2      | Found a white marble altar of Elyvilon.
  1503 | D:3      | Noticed htuhola's ghost (amateur GrMo)
  1527 | D:3      | Killed htuhola's ghost
  1527 | D:3      | Reached skill level 1 in Maces & Flails
  1527 | D:3      | Reached skill level 6 in Crossbows
  1527 | D:3      | Reached XP level 5. HP: 20/32 MP: 5/5
  1527 | D:3      | Reached XP level 6. HP: 23/37 MP: 6/6
  1998 | D:3      | Reached skill level 7 in Crossbows
  2290 | D:3      | Reached XP level 7. HP: 42/42 MP: 7/7
  2642 | D:3      | Noticed Robin
  2657 | D:3      | Killed Robin
  4068 | D:5      | Entered Level 5 of the Dungeon
  4092 | D:4      | Reached skill level 8 in Crossbows
  4092 | D:4      | Reached skill level 5 in Dodging
  4092 | D:4      | Reached XP level 8. HP: 20/48 MP: 8/8
  4878 | D:5      | Found a sparkling altar of Nemelex Xobeh.
  4971 | D:6      | Reached skill level 5 in Fighting
  5044 | D:6      | Found a staircase to the Ecumenical Temple.
  5054 | Temple   | Entered the Ecumenical Temple
  5237 | D:6      | Found a runed door.
  5434 | D:6      | Found an iron altar of Okawaru.
  5439 | D:6      | Became a worshipper of Warmaster Okawaru
  5443 | D:6      | Found a hazy altar of Hepliaklqana.
  5446 | D:6      | Found a stormy altar of Qazlal.
  5736 | D:6      | Noticed Crazy Yiuf
  5742 | D:6      | Killed Crazy Yiuf
  5794 | D:7      | Found Minotzur's Magic Scroll Shop.
  5813 | D:7      | Noticed htuhola's ghost (novice GrFi)
  5830 | D:7      | Reached skill level 9 in Crossbows
  5838 | D:7      | Killed htuhola's ghost
  5838 | D:7      | Reached * piety under Okawaru
  5838 | D:7      | Reached XP level 9. HP: 27/55 MP: 9/9
  6053 | D:7      | Reached skill level 10 in Crossbows
  6381 | D:7      | Found a shadowy altar of Dithmenos.
  6781 | D:7      | Reached ** piety under Okawaru
  7521 | D:8      | Reached skill level 5 in Maces & Flails
  7521 | D:8      | Reached XP level 10. HP: 61/61 MP: 10/10
  7542 | D:8      | Noticed a two-headed ogre
  7549 | D:8      | Killed a two-headed ogre
  7549 | D:8      | Reached skill level 11 in Crossbows
  7577 | D:8      | Noticed Grum
  7589 | D:8      | Killed Grum
  7772 | D:8      | Reached *** piety under Okawaru
  8505 | D:8      | Noticed Maurice
  8520 | D:8      | Killed Maurice
  8520 | D:8      | Reached skill level 12 in Crossbows
  8865 | D:9      | Reached skill level 1 in Invocations
  8931 | D:9      | Found a staircase to the Orcish Mines.
  9033 | D:9      | Noticed a two-headed ogre
  9051 | D:9      | Killed a two-headed ogre
  9051 | D:9      | Reached **** piety under Okawaru
  9051 | D:9      | Received a gift from Okawaru
  9051 | D:9      | Reached skill level 1 in Armour
  9051 | D:9      | Reached XP level 11. HP: 49/68 MP: 11/13
  9094 | D:9      | Noticed a two-headed ogre
  9100 | D:9      | Killed a two-headed ogre
  9271 | D:9      | Noticed Erolcha
  9316 | D:9      | Paralysed by Erolcha for 7 turns
  9350 | D:9      | Killed from afar by Erolcha

Vault maps used:
D:1:      matt_arrival_spirals, minmay_door_square, kennysheep_decorative_pillar
D:2:      overflow_temple_1_default, tso_oasis_becter, first_ration,
          chequers_ecumenical_altar_grove, interstate_on_off
D:3:      kennysheep_goblin_castle
D:4:      serial_undead, serial_undead_a, serial_undead_a, serial_undead_c,
          serial_undead_d, serial_undead_a, serial_undead_c
D:5:      marbit_many_paths, serial_glass, glass_columns_b, glass_columns_a
D:6:      grunt_temple_overflow_diamond, minmay_temple_entry_overgrown,
          dk_vineyard_1, serial_bayou_pond_d, uniq_crazy_yiuf_cottage
D:7:      serial_shops, shop, lemuel_centaur_altar
D:8:      uniq_gastronok, uniq_maurice, uniq_grum
D:9:      orc_0_dummy, uniq_erolcha
Temple:   nicolae_temple_elliptical

Skill      XL: |  1  2  3  4  5  6  7  8  9 10 11 |
---------------+----------------------------------+-----
Crossbows      | 5 6 7 8 9 10 12 | 12.0
Dodging        | 3 4 5 6 7 8 |  8.4
Fighting       | 3 4 5 6 8 |  8.5
Maces & Flails | 1 2 4 5 6 |  6.6
Invocations    | 3 4 |  4.9
Armour         | 1 2 |  2.4
Stealth        | |  1.3

Action                   |  1- 3 |  4- 6 |  7- 9 | 10-12 || total
-------------------------+-------+-------+-------+-------++-------
Melee: Short sword       |    16 |       |       |       ||    16
       Whip              |       |    22 |   231 |    83 ||   336
 Fire: Hand crossbow     |    57 |   110 |   157 |   162 ||   486
Invok: Heroism           |       |       |       |     2 ||     2
Evoke: Wand              |       |       |    13 |    11 ||    24
  Use: Potion            |       |     1 |     2 |     4 ||     7
       Scroll            |       |       |     5 |     4 ||     9
 Stab: Sleeping          |       |       |     2 |       ||     2
       Paralysed         |       |       |       |     9 ||     9
  Eat: Chunk             |     1 |     9 |    19 |     5 ||    34
Armor: Leather armour    |    10 |     3 |    27 |       ||    40
       Ring mail         |       |       |    34 |     9 ||    43
       Scale mail        |       |       |       |    33 ||    33
Dodge: Dodged            |    40 |    46 |   252 |   131 ||   469

Table legend:
 A = Spawn XP
 B = Non-spawn XP
 C = Spawn XP percentage of total XP
 D = Spawn monster count
 E = Non-spawn monster count
 F = Spawn count percentage of total count
 G = Total turns spent on level
                    A         B        C        D         E        F      G
               +---------+---------+-------+---------+---------+-------+---------
         Total |       0 |    9944 |   0.0 |       0 |     220 |   0.0 |  9350
               +---------+---------+-------+---------+---------+-------+---------
           D:1 |       0 |      60 |   0.0 |       0 |      34 |   0.0 |   674
           D:2 |       0 |      58 |   0.0 |       0 |      16 |   0.0 |   815
           D:3 |       0 |     541 |   0.0 |       0 |      64 |   0.0 |  1909
           D:4 |       0 |     381 |   0.0 |       0 |      21 |   0.0 |   866
           D:5 |       0 |     200 |   0.0 |       0 |       6 |   0.0 |   676
           D:6 |       0 |     432 |   0.0 |       0 |       6 |   0.0 |   702
           D:7 |       0 |    2073 |   0.0 |       0 |      28 |   0.0 |  1624
           D:8 |       0 |    3035 |   0.0 |       0 |      30 |   0.0 |  1402
           D:9 |       0 |    3164 |   0.0 |       0 |      15 |   0.0 |   530
               +---------+---------+-------+---------+---------+-------+---------
